Map: Old Estate

Players

johnnyflores

  • Race: Zerg Zerg
  • League: Gold
  • Spawn Location: 7:00

OmegaLSA

  • Race: Protoss Protoss
  • League: Diamond
  • Spawn Location: 1:00

Wundam

  • Race: Protoss Protoss
  • League: Diamond
  • Spawn Location: 7:00

THOR

  • Race: Terran Terran
  • Spawn Location: 1:00

NoobMaster

  • Race: Protoss Protoss
  • Spawn Location: 3:00

Toxic

  • Race: Zerg Zerg
  • Spawn Location: 3:00

APMSpam - Winner!

  • Race: Protoss Protoss
  • League: Diamond
  • Spawn Location: 7:00

ApplyingLube

  • Race: Zerg Zerg
  • League: Platinum
  • Spawn Location: 9:00

VOD

Have the link to the VOD?

Description

Time

  • Played on: March 23, 2020, 2:58 p.m.
  • Length: 13:30
Show
View Real Time Build Order
Export as new Build Order

johnnyflores Zerg 

Build Orders: Pool Only 

Get SALT Encoding   

  12  0:19  Spawning Pool  
  11  0:26  Extractor  
  10  0:29  Extractor, Drone  
  10  0:40  Overlord  
  10  1:08  Zergling x2  
  10  1:09  Zergling x4  
  13  1:21  Zergling x2  
  14  1:26  Metabolic Boost  
  14  1:42  Zergling x2  
  14  1:43  Zergling x2  
  16  2:04  Queen  
  18  2:16  Spine Crawler  
  18  2:32  Spine Crawler  
  17  2:41  Roach Warren  
  16  2:59  Drone x2  
  16  3:00  Drone  
  19  3:30  Spine Crawler  
  16  3:43  Roach  
  16  3:44  Roach  
  16  3:47  Overlord  
  20  4:06  Roach x2  
  24  4:33  Ravager x2  
  24  4:34  Ravager  
  24  4:38  Drone x2  
  29  4:59  Ravager  
  21  5:28  Roach x2  
  21  5:29  Roach  
  21  5:32  Spine Crawler  
  7  5:51  Roach  
  6  6:06  Ravager  
  6  6:07  Ravager  
Show
View Real Time Build Order
Export as new Build Order

OmegaLSA Protoss 

Build Orders: Mass Adepts 

Get SALT Encoding   

  12  0:02  Probe  
  13  0:15  Pylon  
  13  0:18  Probe  
  14  0:30  Probe  
  15  0:36  Gateway  
  15  0:42  Probe  
  16  0:52  Assimilator  
  16  0:54  Probe (Chrono Boost)  
  18  1:04  Pylon, Probe (Chrono Boost)  
  18  1:09  Probe (Chrono Boost)  
  19  1:21  Probe  
  20  1:26  Cybernetics Core  
  20  1:28  Zealot  
  22  1:34  Gateway  
  22  1:45  Probe  
  23  1:53  Assimilator  
  23  1:58  Adept  
  23  2:03  Pylon  
  23  2:05  Warp Gate (Chrono Boost)  
  23  2:06  Shield Battery  
  25  2:14  Pylon  
  25  2:19  Probe  
  26  2:22  Adept  
  28  2:38  Stalker  
  28  2:44  Probe  
  31  2:52  Stalker  
  31  3:17  Zealot  
  33  3:30  Shield Battery  
  33  3:32  Gateway  
  33  3:36  Gateway  
  33  3:56  Gateway, Adept x2  
  37  4:07  Probe  
  38  4:14  Adept  
  38  4:17  Adept  
  34  4:49  Adept x3  
  34  4:52  Adept  
  36  5:39  Stalker x3  
  36  5:40  Stalker  
  36  5:55  Nexus  
  34  6:13  Stalker x2  
  34  6:14  Stalker x2  
  42  6:36  Probe  
  43  6:42  Nexus  
  43  6:48  Probe  
  43  6:50  Pylon  
  43  6:52  Pylon  
  44  7:00  Probe  
  45  7:02  Stalker  
  45  7:07  Robotics Facility  
  45  7:08  Robotics Facility  
  47  7:12  Pylon  
  47  7:13  Probe x2 (Chrono Boost)  
  51  7:23  Probe x2 (Chrono Boost)  
  51  7:27  Probe (Chrono Boost)  
  51  7:28  Probe (Chrono Boost)  
  53  7:42  Probe (Chrono Boost)  
  53  7:43  Probe (Chrono Boost)  
  57  7:52  Probe x2 (Chrono Boost)  
  57  7:56  Probe (Chrono Boost)  
  57  7:57  Probe x2 (Chrono Boost)  
  58  8:00  Assimilator  
  58  8:03  Robotics Bay  
  58  8:04  Twilight Council  
  60  8:07  Forge  
  60  8:13  Forge  
  60  8:16  Pylon  
  60  8:19  Probe  
  61  8:23  Probe x2  
  63  8:28  Assimilator  
  63  8:31  Probe  
  64  8:35  Probe  
  65  8:49  Nexus  
  65  8:50  Probe (Chrono Boost)  
  65  8:51  Probe (Chrono Boost)  
  65  8:52  Probe (Chrono Boost)  
  65  8:53  Protoss Ground Weapons Level 1 (Chrono Boost)  
  68  8:56  Protoss Ground Armor Level 1 (Chrono Boost)  
  68  8:57  Blink  
  68  9:02  Probe (Chrono Boost)  
  71  9:03  Probe (Chrono Boost)  
  71  9:06  Probe (Chrono Boost)  
  71  9:12  Extended Thermal Lance  
  71  9:14  Probe  
  72  9:23  Colossus (Chrono Boost)  
  78  9:25  Probe x2  
  78  9:26  Probe  
  81  9:36  Pylon  
  81  9:37  Probe x2  
  81  9:38  Probe  
  84  9:49  Probe x2  
  84  9:50  Probe  
  84  9:52  Colossus (Chrono Boost)  
  93  10:01  Probe x2  
  93  10:05  Probe x2  
  97  10:11  Assimilator  
  97  10:12  Assimilator, Observer (Chrono Boost)  
  97  10:13  Probe  
  99  10:22  Probe x3  
  99  10:23  Nexus  
  99  10:27  Assimilator  
  102  10:32  Assimilator  
  102  10:33  Disruptor  
  105  10:38  Warp Prism  
  107  10:46  Stalker  
  107  10:47  Stalker x3  
  115  10:50  Probe x4  
  115  10:53  Gateway  
  115  10:55  Gateway  
  119  10:57  Assimilator  
  119  11:01  Assimilator  
  119  11:02  Probe x4  
  121  11:14  Probe x2  
  121  11:44  Stalker x2, Disruptor x2 (Chrono Boost)  
  121  11:45  Stalker x2  
  135  11:55  Gravitic Drive  
  135  11:57  Zealot x2  
  139  12:07  Probe x5  
  144  12:16  Nexus  
  144  12:18  Pylon  
  144  12:19  Pylon, Zealot  
  144  12:21  Assimilator  
  146  12:26  Assimilator  
  146  12:28  Pylon  
  146  12:36  Disruptor x2  
  152  12:38  Probe  
  152  12:39  Probe x2  
  152  12:40  Probe  
  156  12:48  Gateway  
  156  12:49  Gateway  
  156  12:51  Gateway x2  
  156  12:52  Gateway  
  156  12:56  Gateway, Probe x2  
  156  12:57  Gateway, Probe x2  
  156  12:58  Gateway  
  160  13:00  Probe  
  160  13:01  Gateway x2  
  161  13:08  Probe  
  156  13:17  Stalker x6  
Show
View Real Time Build Order
Export as new Build Order

Wundam Protoss 

Build Orders: Cannon Rush 

Get SALT Encoding   

  12  0:05  Probe  
  13  0:17  Probe  
  14  0:22  Pylon  
  14  0:37  Probe  
  14  0:42  Gateway  
  15  0:49  Probe  
  16  0:53  Forge  
  16  1:01  Probe  
  17  1:08  Pylon  
  17  1:19  Assimilator  
  17  1:27  Photon Cannon  
  17  1:29  Zealot (Chrono Boost)  
  19  1:38  Photon Cannon  
  19  1:53  Cybernetics Core  
  19  1:59  Photon Cannon  
  19  2:05  Zealot  
  21  2:18  Gateway  
  21  2:25  Assimilator  
  21  2:31  Zealot (Chrono Boost)  
  23  2:38  Probe  
  24  2:46  Pylon  
  24  2:49  Zealot (Chrono Boost)  
  24  2:51  Probe  
  27  3:03  Probe  
  27  3:04  Pylon  
  28  3:13  Zealot  
  28  3:27  Photon Cannon  
  28  3:32  Adept  
  30  3:46  Stalker  
  32  3:54  Robotics Facility  
  32  3:57  Shield Battery  
  32  4:02  Stalker  
  34  4:06  Probe  
  37  4:32  Immortal, Probe  
  37  4:35  Stalker (Chrono Boost)  
  42  4:47  Zealot (Chrono Boost)  
  40  5:38  Pylon  
  40  5:40  Pylon  
  38  5:53  Zealot  
  38  5:54  Pylon  
  38  5:55  Pylon  
  38  5:56  Immortal  
  40  6:29  Gateway, Probe  
  40  6:31  Gateway  
  41  6:33  Gateway  
  41  6:41  Probe  
  42  6:49  Stargate  
  42  6:50  Stargate  
  42  6:53  Probe  
  43  7:17  Nexus, Warp Gate (Chrono Boost)  
  43  7:32  Immortal (Chrono Boost)  
  47  7:39  Probe  
  48  7:45  Stalker  
  50  8:09  Void Ray  
  54  8:23  Stalker x2  
  58  8:27  Protoss Ground Weapons Level 1  
  58  8:50  Void Ray  
  58  8:52  Probe (Chrono Boost)  
  63  9:02  Probe (Chrono Boost)  
  64  9:07  Probe (Chrono Boost)  
  65  9:20  Probe  
  66  9:32  Probe  
  66  9:33  Void Ray  
  71  9:39  Assimilator  
  71  9:44  Assimilator  
  71  9:45  Probe  
  72  9:57  Probe  
  73  10:01  Stalker x2  
  73  10:04  Stalker  
  79  10:09  Probe  
  79  10:21  Probe  
  80  10:25  Zealot x2  
  80  10:27  Zealot  
  86  10:35  Nexus  
  86  11:07  Nexus  
  86  11:09  Pylon  
  86  11:17  Probe  
Show
View Real Time Build Order
Export as new Build Order

THOR Terran 

Build Orders:  

Get SALT Encoding   

  12  0:09  SCV  
  13  0:17  Supply Depot  
  13  0:21  SCV  
  14  0:33  SCV  
  15  0:40  Barracks  
  15  0:46  SCV  
  16  0:57  Barracks  
  17  1:09  Barracks  
  17  1:10  SCV  
  17  1:28  Marine  
  18  1:46  Marine  
  19  1:47  Marine  
  20  1:56  Marine, Supply Depot  
  22  2:03  Marine  
  22  2:05  Supply Depot  
  20  2:09  Marine  
  20  2:14  Marine  
  21  2:21  Marine  
  21  2:30  Marine  
  21  2:32  Marine  
  23  2:40  Marine  
  24  2:47  Marine  
  24  2:50  Marine  
  26  2:58  Marine  
  27  3:03  SCV  
  27  3:05  Marine  
  28  3:09  Marine  
  28  3:10  Refinery  
  30  3:16  Marine  
  30  3:19  SCV  
  32  3:23  Marine  
  33  3:27  Marine  
  33  3:33  Marine  
  35  3:37  SCV  
  35  3:40  Supply Depot  
  35  3:41  Marine  
  36  3:45  Marine  
  38  3:51  Marine  
  31  4:32  Marine x3  
  23  4:50  Marine x3  
  26  4:55  Barracks  
  26  5:05  SCV  
  27  5:07  Marine  
  27  5:08  Marine x2  
  29  5:25  Marine x2  
  29  5:26  Marine  
  16  5:43  Marine x3  
Show
View Real Time Build Order
Export as new Build Order

NoobMaster Protoss 

Build Orders: Cannon Rush 

Get SALT Encoding   

  12  0:01  Probe (Chrono Boost)  
  13  0:10  Probe (Chrono Boost)  
  14  0:18  Pylon  
  14  0:22  Probe  
  15  0:36  Probe  
  15  0:39  Forge  
  16  0:48  Probe  
  17  0:52  Pylon  
  17  1:00  Probe  
  18  1:07  Assimilator  
  18  1:12  Photon Cannon  
  18  1:21  Photon Cannon  
  18  1:25  Photon Cannon  
  18  1:32  Photon Cannon  
Show
View Real Time Build Order
Export as new Build Order

Toxic Zerg 

Build Orders: Pool First 

Get SALT Encoding   

  12  0:19  Spawning Pool  
  11  0:30  Overlord  
  11  0:32  Drone  
  12  1:08  Zergling x6  
  12  1:09  Queen  
  17  1:20  Zergling x2  
  18  1:30  Zergling x2  
  19  1:42  Zergling x2  
  20  2:00  Zergling x2  
  21  2:16  Zergling x2  
  21  2:19  Overlord  
  21  2:34  Zergling x2  
  21  2:37  Queen  
  23  2:45  Zergling x2  
  23  2:46  Zergling x4  
  21  3:28  Drone x3  
  21  3:32  Hatchery  
  23  3:38  Overlord  
  23  3:45  Roach Warren  
  22  3:48  Overlord  
  22  3:56  Queen  
  23  4:04  Zergling x2  
  23  4:05  Zergling x2  
  23  4:06  Zergling x2  
  18  4:18  Zergling x2  
  4  4:25  Zergling x2  
  4  4:26  Zergling x4  
Show
View Real Time Build Order
Export as new Build Order

APMSpam Protoss - Winner!

Build Orders: Nexus First, Carriers 

Get SALT Encoding   

  12  0:04  Probe  
  13  0:16  Probe  
  14  0:28  Probe  
  15  0:40  Pylon  
  15  1:01  Nexus  
  15  1:06  Probe  
  16  1:18  Probe  
  17  1:24  Gateway  
  17  1:30  Probe  
  18  1:56  Nexus  
  18  2:13  Probe (Chrono Boost)  
  18  2:15  Cybernetics Core  
  20  2:24  Assimilator, Probe (Chrono Boost)  
  20  2:29  Probe (Chrono Boost)  
  21  2:40  Probe  
  22  2:51  Assimilator  
  22  2:52  Probe  
  22  2:57  Pylon  
  23  3:04  Probe  
  24  3:08  Probe  
  25  3:16  Probe  
  26  3:21  Probe  
  27  3:28  Probe  
  27  3:33  Probe  
  29  3:34  Nexus  
  29  3:37  Stargate  
  29  3:40  Probe  
  30  3:45  Probe  
  31  3:50  Assimilator  
  31  3:52  Probe  
  32  3:57  Probe  
  33  4:04  Probe  
  33  4:09  Probe  
  35  4:16  Protoss Air Weapons Level 1 (Chrono Boost), Probe  
  36  4:21  Probe  
  37  4:24  Assimilator  
  37  4:29  Probe  
  37  4:30  Fleet Beacon  
  38  4:33  Probe  
  39  4:41  Probe  
  41  4:45  Probe  
  41  4:46  Probe (Chrono Boost)  
  41  4:47  Pylon  
  42  4:53  Probe (Chrono Boost)  
  42  4:59  Probe x2 (Chrono Boost)  
  45  5:05  Assimilator, Probe (Chrono Boost)  
  48  5:08  Probe x2 (Chrono Boost), Stargate  
  48  5:10  Assimilator  
  48  5:11  Probe (Chrono Boost)  
  48  5:12  Stargate  
  48  5:13  Probe (Chrono Boost)  
  48  5:14  Probe (Chrono Boost)  
  49  5:15  Pylon  
  49  5:19  Probe  
  52  5:24  Probe  
  52  5:25  Probe  
  52  5:26  Nexus  
  54  5:31  Probe  
  55  5:36  Probe  
  55  5:37  Probe  
  55  5:39  Carrier  
  63  5:43  Probe  
  63  5:48  Probe  
  63  5:49  Probe  
  66  5:55  Probe  
  66  5:56  Carrier  
  73  6:00  Probe  
  73  6:01  Probe  
  75  6:07  Probe  
  76  6:12  Probe  
  76  6:13  Probe  
  76  6:14  Pylon, Protoss Air Weapons Level 2 (Chrono Boost)  
  78  6:19  Carrier  
  78  6:20  Probe  
  78  6:24  Probe  
  86  6:25  Probe  
  86  6:30  Stargate  
  86  6:32  Probe  
  88  6:33  Stargate  
  88  6:36  Probe  
  88  6:37  Probe  
  90  6:44  Probe x2  
  92  6:48  Carrier, Probe  
  92  6:50  Probe  
  100  6:56  Probe  
  100  7:00  Assimilator, Probe  
  103  7:03  Carrier  
  103  7:04  Assimilator  
  108  7:22  Carrier  
  114  7:44  Nexus  
  114  7:45  Pylon x2  
  114  7:47  Pylon  
  114  7:49  Pylon  
  114  7:51  Assimilator  
  114  7:52  Forge  
  114  7:55  Pylon  
  114  7:56  Assimilator  
  114  7:58  Nexus  
  114  8:04  Carrier x2  
  126  8:07  Carrier  
  132  8:13  Carrier  
  132  8:14  Robotics Facility  
  133  8:28  Carrier  
  133  8:33  Pylon  
  136  8:35  Pylon  
  136  8:38  Pylon, Probe x2  
  138  8:43  Probe x2  
  140  8:51  Probe x2  
  140  8:55  Probe x2  
  144  9:00  Protoss Air Weapons Level 3 (Chrono Boost)  
  145  9:02  Observer  
  145  9:04  Stargate  
  145  9:07  Probe x2, Stargate  
  145  9:08  Carrier  
  153  9:11  Protoss Shields Level 1  
  153  9:15  Carrier  
  159  9:31  Cybernetics Core  
  159  9:32  Twilight Council  
  159  9:35  Carrier  
  165  9:49  Carrier  
  171  9:54  Assimilator  
  171  9:58  Assimilator  
  171  10:01  Carrier, Photon Cannon  
  171  10:03  Observer  
  171  10:04  Photon Cannon  
  178  10:16  Pylon, Protoss Air Armor Level 1 (Chrono Boost)  
  178  10:31  Carrier x2  
  178  10:34  Carrier  
  190  11:00  Carrier  
  195  11:11  Warp Gate (Chrono Boost)  
  195  11:41  Templar Archives  
  195  11:43  Gateway  
  195  11:45  Gateway  
  195  11:49  Gateway  
  195  11:50  Gateway  
  195  11:52  Gateway  
  195  11:54  Gateway  
  195  11:56  Gateway  
  195  11:58  Gateway  
  195  12:01  Gateway  
  195  12:03  Gateway  
  195  12:05  Gateway  
  195  12:08  Gateway  
  195  12:45  Probe  
  196  12:57  Probe  
  197  13:09  Probe  
  197  13:11  Pylon  
  198  13:16  Pylon  
  197  13:25  Pylon x2  
Show
View Real Time Build Order
Export as new Build Order

ApplyingLube Zerg 

Build Orders: Hatch First 

Get SALT Encoding   

  12  0:01  Drone  
  13  0:13  Drone  
  14  0:20  Extractor  
  13  0:21  Extractor, Drone  
  13  0:22  Drone  
  13  0:28  Overlord  
  16  0:52  Hatchery  
  16  0:54  Drone  
  16  0:58  Drone  
  17  1:07  Drone  
  18  1:18  Spawning Pool  
  17  1:20  Drone  
  17  1:23  Drone  
  19  1:26  Extractor  
  19  1:31  Drone  
Tags
 
Add a new tag
Caveats
  • Supply blocks, unpowered buildings, or Contaminate may cause inaccurate times.
  • Supply counts are checked every 10 seconds.